AoeStats
← CripKilla356

Fortress

510143975Analyzed
4v4 RM · 4d ago on Sep 29, 2026· 89m 13s· 8 players
Game mode
Random Map
Map size
Huge
Population
200
Speed
Normal
Resources
Standard
Victory
Conquest
Starting age
Dark Age
Ending age
Imperial Age
RankedLock teamsTeams togetherTeam positionsShared explorationLock speedFull tech treeHidden civsTurbo modeCheats
Victory
Defeat
🇸🇪 Mongols · Sweden
838
+12
🇩🇪 Franks · Germany
735
+16
🇸🇪 Persians · Sweden
724
+17
🇸🇪 Italians · Sweden
717
+17
🇹🇷 Bohemians · Türkiye
825
-18
🇹🇷 Chinese · Türkiye
742
-16
🇹🇷 Huns · Türkiye
709
-14
🇹🇷 Britons · Türkiye
707
-14
Orreslayer
8:49 Feudal Age
13:25 Castle Age
11:47 Double-Bit Axe
11:57 Stone Mining
12:00 Gold Mining
11:53 Horse Collar
12:44 Fletching
15:41 Bow Saw
15:40 Padded Archer Armor
16:02 Heavy Plow
20:56 Wheelbarrow
20:27 Bodkin Arrow
22:25 Leather Archer Armor
23:06 Stone Shaft Mining
24:31 Gold Shaft Mining
24:16 Hand Cart
25:59 Ballistics
25:51 Fortified Wall
25:39 Murder Holes
28:04 Town Watch
30:32 Town Patrol
31:10 Thumb Ring
34:26 Imperial Age
32:59 Scale Barding Armor
32:49 Loom
33:24 Masonry
34:33 Husbandry
35:09 Bloodlines
34:31 Elite Mangudai
35:35 Conscription
35:58 Parthian Tactics
35:35 Bracer
35:43 Thumb Ring
36:42 Chemistry
36:50 Drill
37:58 Capped Ram
38:12 Onager
39:15 Siege Ram
CripKilla356
7:48 Feudal Age
15:22 Castle Age
15:10 Double-Bit Axe
15:11 Horse Collar
15:25 Stone Mining
15:28 Gold Mining
15:32 Double-Bit Axe
22:45 Crossbowman
25:03 Thumb Ring
25:14 Kamandaran
30:40 Imperial Age
28:59 Heavy Plow
29:14 Bow Saw
29:30 Scale Mail Armor
29:31 Padded Archer Armor
29:43 Scale Barding Armor
33:46 Wheelbarrow
36:34 Ballistics
37:17 Chemistry
37:52 Chain Barding Armor
37:43 Forging
37:27 Fletching
37:53 Leather Archer Armor
40:27 Light Cavalry
41:08 Husbandry
41:19 Bloodlines
42:31 Plate Barding Armor
41:52 Bodkin Arrow
42:28 Ring Archer Armor
42:34 Iron Casting
41:23 Hussar
43:42 Hand Cart
43:43 Elite Skirmisher
43:53 Cavalier
47:34 Blast Furnace
47:45 Savar
51:16 Squires
51:01 Gambesons
50:39 Man-at-Arms
50:41 Pikeman
52:02 Arson
52:07 Halberdier
54:42 Scale Mail Armor
55:25 Guilds
55:16 Caravan
57:22 Elite War Elephant
59:53 Citadels
61:33 Murder Holes
61:58 Chain Mail Armor
62:09 Conscription
armo345
7:00 Feudal Age
10:06 Wheelbarrow
9:23 Horse Collar
15:05 Castle Age
13:03 Double-Bit Axe
14:31 Man-at-Arms
15:07 Gold Mining
15:09 Stone Mining
19:48 Stone Shaft Mining
19:32 Bow Saw
21:12 Long Swordsman
22:36 Forging
23:52 Heavy Plow
25:49 Iron Casting
25:16 Padded Archer Armor
27:39 Squires
27:25 Arson
27:45 Scale Mail Armor
27:36 Fletching
28:03 Leather Archer Armor
29:29 Ballistics
32:12 Imperial Age
30:06 Pikeman
31:29 Hand Cart
32:28 Bodkin Arrow
34:12 Conscription
35:59 Chemistry
34:40 Treadmill Crane
34:27 Cavalier
35:18 Bloodlines
35:09 Husbandry
35:44 Two-Handed Swordsman
37:41 Champion
38:27 Elite Genoese Crossbowman
40:59 Thumb Ring
40:16 Elite Skirmisher
41:03 Bracer
41:34 Ring Archer Armor
41:20 Chain Mail Armor
41:13 Scale Barding Armor
46:38 Two-Man Saw
47:02 Blast Furnace
46:33 Plate Mail Armor
46:24 Chain Barding Armor
46:47 Crop Rotation
53:30 Silk Road
55:47 Light Cavalry
58:48 Hussar
60:48 Caravan
66:20 Plate Barding Armor
65:41 Loom
65:42 Town Watch
zauberkugel112
0:30 Loom
8:28 Feudal Age
11:33 Wheelbarrow
10:49 Double-Bit Axe
17:13 Castle Age
15:32 Gold Mining
17:33 Scale Barding Armor
17:39 Forging
17:29 Scale Mail Armor
17:26 Stone Mining
18:01 Husbandry
18:35 Bow Saw
25:45 Imperial Age
24:39 Gold Shaft Mining
25:43 Hand Cart
27:17 Conscription
29:00 Fortified Wall
30:25 Chemistry
31:23 Squires
31:10 Arson
35:50 Ordonnance Companies
36:33 Murder Holes
38:12 Elite Throwing Axeman
41:02 Siege Engineers
43:04 Onager
45:18 Capped Ram
46:57 Cavalier
48:46 Chain Mail Armor
49:06 Iron Casting
49:03 Cranequins
50:13 Heavy Mounted Crossbowman
52:59 Padded Archer Armor
52:50 Fletching
53:22 Chain Barding Armor
55:10 Bodkin Arrow
55:47 Plate Mail Armor
57:41 Caravan
59:00 Elite Skirmisher
61:01 Blast Furnace
60:38 Plate Barding Armor
60:19 Leather Archer Armor
63:48 Light Cavalry
70:17 Paladin
85:54 Town Watch
SOBACI İBO
3:31 Loom
10:26 Feudal Age
13:41 Wheelbarrow
14:35 Double-Bit Axe
17:05 Castle Age
16:42 Horse Collar
16:59 Gold Mining
17:17 Padded Archer Armor
17:08 Fletching
18:56 Bow Saw
19:49 Hand Cart
19:41 Heated Shot
21:39 Gold Shaft Mining
21:19 Heavy Plow
22:17 Caravan
23:22 Ballistics
24:25 Stone Mining
24:56 Leather Archer Armor
24:36 Bodkin Arrow
27:44 Stone Shaft Mining
30:31 Imperial Age
31:56 Conscription
33:48 Two-Man Saw
33:45 Ring Archer Armor
33:15 Bracer
34:39 Elite Chu Ko Nu
37:14 Chemistry
41:13 Thumb Ring
52:09 Capped Ram
54:16 Siege Ram
ÇAKIR
8:34 Feudal Age
12:25 Castle Age
10:46 Double-Bit Axe
11:48 Wheelbarrow
11:29 Horse Collar
15:22 Gold Mining
15:44 Stone Mining
16:10 Bow Saw
16:14 Heavy Plow
20:49 Fletching
21:01 Padded Archer Armor
24:22 Gold Shaft Mining
23:45 Bodkin Arrow
28:27 Imperial Age
26:16 Hand Cart
25:49 Town Watch
25:50 Treadmill Crane
26:33 Ballistics
26:55 Yeomen
29:09 Bracer
29:25 Leather Archer Armor
28:43 Elite Longbowman
30:51 Warwolf
33:40 Caravan
35:31 Chemistry
34:43 Fortified Wall
34:46 Masonry
34:42 Siege Engineers
34:28 Heated Shot
34:35 Murder Holes
35:17 Conscription
36:06 Ring Archer Armor
62:42 Two-Man Saw
61:22 Onager
70:52 Pikeman
71:32 Squires
71:19 Arson
71:06 Light Cavalry
73:08 Husbandry
73:47 Scale Mail Armor
73:52 Scale Barding Armor
74:02 Forging
77:14 Chain Barding Armor
77:29 Iron Casting
84:10 Blast Furnace
E|E #
9:09 Feudal Age
13:32 Castle Age
12:01 Double-Bit Axe
15:05 Loom
15:58 Wheelbarrow
15:43 Bow Saw
18:35 Horse Collar
24:12 Hand Cart
24:52 Heavy Plow
26:19 Caravan
28:44 Chemistry
28:05 Ballistics
30:24 Imperial Age
33:54 Houfnice
37:09 Elite Hussite Wagon
39:27 Wagenburg Tactics
49:55 Two-Man Saw
52:38 Siege Engineers
55:43 Murder Holes
80:40 Light Cavalry
83:04 Squires
82:25 Pikeman
LittleChief
8:39 Feudal Age
9:22 Horse Collar
12:57 Wheelbarrow
19:53 Castle Age
18:15 Scale Barding Armor
18:27 Forging
18:19 Scale Mail Armor
18:41 Padded Archer Armor
18:31 Fletching
21:02 Bloodlines
21:58 Gold Mining
21:59 Stone Mining
22:32 Double-Bit Axe
22:52 Husbandry
23:46 Gold Shaft Mining
23:50 Iron Casting
23:36 Chain Barding Armor
23:46 Leather Archer Armor
23:52 Hand Cart
25:15 Bow Saw
25:47 Ballistics
31:34 Imperial Age
31:27 Heavy Plow
33:34 Plate Barding Armor
33:14 Cavalier
35:46 Blast Furnace
45:19 Elite Tarkan
57:53 Murder Holes
Connection lost

Rejoining the realm…

Still unreachable

The connection could not be restored.

Session expired

The server has moved on; the page needs a fresh start.